| TOP OF THE 1ST |
|
University of Conneticut Huskies batting - Pitching for Florida State University Seminoles : RHP Alex Navarro
|
|
Pitching: RHP Alex Navarro
|
|
|
Batting: RHB Kyle Finney
|
0-0: SINGLE (Line Drive, 4M, EV 94.4 MPH)
|
|
Batting: RHB Phil Hilton
|
0-0: Ball 1-0: Swinging Strike 1-1: Foul Ball, location: 2F 1-2: Grounds into double play, 6-4-3 (Groundball, 6, EV 81.9 MPH)
|
|
Batting: LHB Greg James
|
0-0: Ball 1-0: Ball 2-0: Ball 3-0: Called Strike 3-1: Ground out U3 (Groundball, 34, EV 81.9 MPH)
|
| Top of the 1st over - 0 runs, 1 hit, 0 errors, 0 left on base; University of Conneticut 0 - Florida State University 0 |
| BOTTOM OF THE 1ST |
|
Florida State University Seminoles batting - Pitching for University of Conneticut Huskies : RHP Sal Sanchez
|
|
Pitching: RHP Sal Sanchez
|
|
|
Batting: RHB Butch Huskey
|
0-0: Swinging Strike 0-1: Ball 1-1: Swinging Strike 1-2: Fly out, F3 (Popup, 34, EV 63.8 MPH)
|
|
Batting: RHB David Lucarelli
|
0-0: Ground out U3 (Groundball, 34S, EV 75.6 MPH)
|
|
Batting: RHB Tony Valdez
|
0-0: Ground out 3-1 (Groundball, 34S, EV 81.9 MPH)
|
| Bottom of the 1st over - 0 runs, 0 hits, 0 errors, 0 left on base; University of Conneticut 0 - Florida State University 0 |
| TOP OF THE 2ND |
|
University of Conneticut Huskies batting - Pitching for Florida State University Seminoles : RHP Alex Navarro
|
|
Batting: LHB Jonathan Sica
|
0-0: Called Strike 0-1: Called Strike 0-2: Ball 1-2: Ball 2-2: Ball 3-2: Foul Ball, location: 2F 3-2: Strikes out swinging
|
|
Batting: LHB Andrew Barzee
|
0-0: Called Strike 0-1: Foul Ball, location: 2F 0-2: Ball 1-2: Strikes out looking
|
|
Batting: RHB Victor Ramos
|
0-0: Called Strike 0-1: Ball 1-1: Foul Ball, location: 2F 1-2: Foul Ball, location: 2F 1-2: Ball 2-2: Strikes out swinging
|
| Top of the 2nd over - 0 runs, 0 hits, 0 errors, 0 left on base; University of Conneticut 0 - Florida State University 0 |
| BOTTOM OF THE 2ND |
|
Florida State University Seminoles batting - Pitching for University of Conneticut Huskies : RHP Sal Sanchez
|
|
Batting: LHB John Doiron
|
0-0: Ball 1-0: Foul Ball, location: 2F 1-1: Foul Ball, location: 2F 1-2: Strikes out swinging
|
|
Batting: RHB George Smienk
|
0-0: Foul Ball, location: 2F 0-1: Ground out 4-3 (Groundball, 4MD, EV 104.4 MPH)
|
|
Batting: LHB Hastings Miller
|
0-0: Foul Ball, location: 2F 0-1: Called Strike 0-2: Ball 1-2: Foul Ball, location: 2F 1-2: Foul Ball, location: 2F 1-2: Foul Ball, location: 2F 1-2: Ball 2-2: Strikes out swinging
|
| Bottom of the 2nd over - 0 runs, 0 hits, 0 errors, 0 left on base; University of Conneticut 0 - Florida State University 0 |
| TOP OF THE 3RD |
|
University of Conneticut Huskies batting - Pitching for Florida State University Seminoles : RHP Alex Navarro
|
|
Batting: RHB Cullen Elliott
|
0-0: Ball 1-0: Ball 2-0: Ball 3-0: Swinging Strike 3-1: Foul Ball, location: 2F 3-2: Foul Ball, location: 2F 3-2: Foul Ball, location: 2F 3-2: Foul Ball, location: 2F 3-2: Foul Ball, location: 2F 3-2: Strikes out swinging
|
|
Batting: RHB Matthew Lanford
|
0-0: Fly out, F8 (Flyball, 8LD, EV 88.1 MPH)
|
|
Batting: RHB Jordan Nicholas
|
0-0: Foul Ball, location: 2F 0-1: Ball 1-1: Ball 2-1: Foul Ball, location: 2F 2-2: Ball 3-2: Fly out, F8 (Flyball, 8RXD, EV 87.5 MPH)
|
| Top of the 3rd over - 0 runs, 0 hits, 0 errors, 0 left on base; University of Conneticut 0 - Florida State University 0 |
| BOTTOM OF THE 3RD |
|
Florida State University Seminoles batting - Pitching for University of Conneticut Huskies : RHP Sal Sanchez
|
|
Batting: LHB Matt Stewart
|
0-0: Swinging Strike 0-1: Called Strike 0-2: Strikes out swinging
|
|
Batting: LHB Brian Clayton
|
0-0: Called Strike 0-1: SINGLE (Flyball, 9LS, EV 98.8 MPH)
|
|
Batting: SHB John Welsh
|
0-0: Called Strike 0-1: Ball 1-1: Ball Brian Clayton is caught stealing 2nd base 2-6 2-1: Foul Ball, location: 2F 2-2: Strikes out swinging
|
| Bottom of the 3rd over - 0 runs, 1 hit, 0 errors, 0 left on base; University of Conneticut 0 - Florida State University 0 |
| TOP OF THE 4TH |
|
University of Conneticut Huskies batting - Pitching for Florida State University Seminoles : RHP Alex Navarro
|
|
Batting: RHB Kyle Finney
|
0-0: Ball 1-0: SINGLE (Line Drive, 4M, EV 110.0 MPH)
|
|
Batting: RHB Phil Hilton
|
0-0: Ball 1-0: Foul Ball, location: 2F 1-1: Foul Ball, location: 2F 1-2: Fly out, F2 (Popup, 2L, EV 97.5 MPH)
|
|
Batting: LHB Greg James
|
0-0: Ball Kyle Finney is caught stealing 2nd base 2-6 1-0: Ball 2-0: Called Strike 2-1: Ball 3-1: SINGLE (Groundball, 4D, EV 110.0 MPH)
|
|
Batting: LHB Jonathan Sica
|
0-0: Called Strike 0-1: Called Strike 0-2: Foul Ball, location: 2F 0-2: Foul Ball, location: 2F 0-2: Ball 1-2: Strikes out swinging
|
| Top of the 4th over - 0 runs, 2 hits, 0 errors, 1 left on base; University of Conneticut 0 - Florida State University 0 |
| BOTTOM OF THE 4TH |
|
Florida State University Seminoles batting - Pitching for University of Conneticut Huskies : RHP Sal Sanchez
|
|
Batting: RHB Butch Huskey
|
0-0: Ground out 4-3 (Groundball, 4, EV 88.1 MPH)
|
|
Batting: RHB David Lucarelli
|
0-0: Ground out 6-3 (Groundball, 6, EV 89.4 MPH)
|
|
Batting: RHB Tony Valdez
|
0-0: Foul Ball, location: 2F 0-1: Foul Ball, location: 2F 0-2: Ball 1-2: Foul Ball, location: 2F 1-2: Foul Ball, location: 2F 1-2: SOLO HOME RUN (Flyball, 9D, EV 98.1 MPH), Distance : 376 ft
|
|
Batting: LHB John Doiron
|
0-0: Ball 1-0: Ball 2-0: Ball 3-0: Called Strike 3-1: Swinging Strike 3-2: Base on Balls
|
|
Batting: RHB George Smienk
|
0-0: Ball 1-0: Called Strike 1-1: Foul Ball, location: 2F 1-2: Strikes out swinging
|
| Bottom of the 4th over - 1 run, 1 hit, 0 errors, 1 left on base; University of Conneticut 0 - Florida State University 1 |
| TOP OF THE 5TH |
|
University of Conneticut Huskies batting - Pitching for Florida State University Seminoles : RHP Alex Navarro
|
|
Batting: LHB Andrew Barzee
|
0-0: Ball 1-0: Ball 2-0: Ball 3-0: SINGLE (Groundball, 56D, EV 103.8 MPH)
|
|
Batting: RHB Victor Ramos
|
0-0: Ball 1-0: Called Strike Andrew Barzee is caught stealing 2nd base 2-4 1-1: Ball 2-1: Swinging Strike 2-2: Ball 3-2: Strikes out swinging
|
|
Batting: RHB Cullen Elliott
|
0-0: Ball 1-0: Foul Ball, location: 2F 1-1: DOUBLE (Line Drive, 78D, EV 101.9 MPH)
|
|
Batting: RHB Matthew Lanford
|
0-0: Ball 1-0: Foul Ball, location: 2F 1-1: Swinging Strike 1-2: Strikes out swinging
|
| Top of the 5th over - 0 runs, 2 hits, 0 errors, 1 left on base; University of Conneticut 0 - Florida State University 1 |
| BOTTOM OF THE 5TH |
|
Florida State University Seminoles batting - Pitching for University of Conneticut Huskies : RHP Sal Sanchez
|
|
Batting: LHB Hastings Miller
|
0-0: Foul Ball, location: 2F 0-1: Called Strike 0-2: Strikes out looking
|
|
Batting: LHB Matt Stewart
|
0-0: Called Strike 0-1: Swinging Strike 0-2: Ball 1-2: Ball 2-2: Ball 3-2: Base on Balls
|
|
Batting: LHB Brian Clayton
|
0-0: Ball 1-0: Foul Ball, location: 2F 1-1: Ball Pickoff Throw to First - Out! 1-3 2-1: Foul Ball, location: 2F 2-2: Ground out 4-3 (Groundball, 4, EV 86.2 MPH)
|
| Bottom of the 5th over - 0 runs, 0 hits, 0 errors, 0 left on base; University of Conneticut 0 - Florida State University 1 |
| TOP OF THE 6TH |
|
University of Conneticut Huskies batting - Pitching for Florida State University Seminoles : RHP Alex Navarro
|
|
Pitching: LHP Nick Linkletter
|
|
|
Batting: RHB Jordan Nicholas
|
0-0: Bunted foul 0-1: Foul Ball, location: 2F 0-2: Foul Ball, location: 2F 0-2: Foul Ball, location: 2F 0-2: Foul Ball, location: 2F 0-2: Ball 1-2: Foul Ball, location: 2F 1-2: Ball 2-2: Ball 3-2: Foul Ball, location: 2F 3-2: Reached via error on a dropped throw from 1B, E1 (Groundball, 34, EV 88.1 MPH)
|
|
Batting: RHB Kyle Finney
|
0-0: Ball Jordan Nicholas is caught stealing 2nd base 2-4 1-0: Foul Ball, location: 2F 1-1: Ground out 5-3 (Groundball, 56, EV 102.5 MPH)
|
|
Batting: RHB Phil Hilton
|
0-0: Ball 1-0: Foul Ball, location: 2F 1-1: Fly out, F9 (Line Drive, 9, EV 87.5 MPH)
|
| Top of the 6th over - 0 runs, 0 hits, 1 error, 0 left on base; University of Conneticut 0 - Florida State University 1 |
| BOTTOM OF THE 6TH |
|
Florida State University Seminoles batting - Pitching for University of Conneticut Huskies : RHP Sal Sanchez
|
|
Batting: SHB John Welsh
|
0-0: Ball 1-0: Ball 2-0: Foul Ball, location: 2F 2-1: Swinging Strike 2-2: Ball 3-2: Foul Ball, location: 2F 3-2: Strikes out swinging
|
|
Batting: RHB Butch Huskey
|
0-0: Called Strike 0-1: Ball 1-1: Ball 2-1: SINGLE (Line Drive, 7S, EV 103.1 MPH)
|
|
Batting: RHB David Lucarelli
|
0-0: Called Strike 0-1: Fielders Choice at 2nd, 6-4 (Groundball, 6, EV 91.2 MPH)
|
|
Pitching: RHP Nick Rice
|
|
|
Batting: RHB Tony Valdez
|
0-0: Ball 1-0: Called Strike 1-1: Ball 2-1: Called Strike 2-2: Ball 3-2: Base on Balls David Lucarelli to second
|
|
Batting: LHB John Doiron
|
0-0: Ball 1-0: Foul Ball, location: 2F 1-1: Foul Ball, location: 2F 1-2: Ball 2-2: Foul Ball, location: 2F 2-2: Foul Ball, location: 2F 2-2: Strikes out looking
|
| Bottom of the 6th over - 0 runs, 1 hit, 0 errors, 2 left on base; University of Conneticut 0 - Florida State University 1 |
| TOP OF THE 7TH |
|
University of Conneticut Huskies batting - Pitching for Florida State University Seminoles : LHP Nick Linkletter
|
|
Batting: LHB Greg James
|
0-0: Called Strike 0-1: Called Strike 0-2: Foul Ball, location: 2F 0-2: Ball 1-2: Ball 2-2: Foul Ball, location: 2F 2-2: Ball 3-2: Foul Ball, location: 2F 3-2: Reached on error, E5 (Groundball, 5, EV 84.4 MPH)
|
|
Batting: LHB Jonathan Sica
|
0-0: Called Strike 0-1: Foul Ball, location: 2F 0-2: Ground out 4-3 (Groundball, 4, EV 95.0 MPH) Greg James to third
|
|
Batting: LHB Andrew Barzee
|
0-0: Ball 1-0: Ball 2-0: Ball Wild Pitch! Greg James scores 3-0: Called Strike 3-1: Called Strike 3-2: Base on Balls
|
|
Batting: RHB Victor Ramos
|
0-0: Called Strike Andrew Barzee is caught stealing 2nd base 2-4 0-1: Foul Ball, location: 2F 0-2: Ball 1-2: Ground out 3-1 (Groundball, 34, EV 101.9 MPH)
|
| Top of the 7th over - 1 run, 0 hits, 1 error, 0 left on base; University of Conneticut 1 - Florida State University 1 |
| BOTTOM OF THE 7TH |
|
Florida State University Seminoles batting - Pitching for University of Conneticut Huskies : RHP Nick Rice
|
|
Pinch Hitting: SHB Jason Farr
|
0-0: Swinging Strike 0-1: Ground out 6-3 (Groundball, 6, EV 81.9 MPH)
|
|
Batting: LHB Hastings Miller
|
0-0: DOUBLE (Groundball, 5L, EV 98.8 MPH)
|
|
Batting: LHB Matt Stewart
|
0-0: Called Strike 0-1: Swinging Strike 0-2: Strikes out swinging
|
|
Batting: LHB Brian Clayton
|
0-0: Called Strike 0-1: Ball 1-1: Ball 2-1: Foul Ball, location: 2F 2-2: Ball 3-2: Base on Balls
|
|
Pinch Hitting: LHB Ethan Ware
|
0-0: Swinging Strike 0-1: Called Strike 0-2: Ball 1-2: Ball 2-2: SINGLE (Groundball, 34D, EV 99.4 MPH) Hastings Miller to third Brian Clayton to second Runner from 3rd tries for Home, throw by RF and OUT! 9-2
|
| Bottom of the 7th over - 0 runs, 2 hits, 0 errors, 2 left on base; University of Conneticut 1 - Florida State University 1 |
| TOP OF THE 8TH |
|
University of Conneticut Huskies batting - Pitching for Florida State University Seminoles : LHP Nick Linkletter
|
|
Pitching: RHP Jose Muti
|
|
|
Now at 3B: Jason Farr
|
|
|
Now at SS: Ethan Ware
|
|
|
Batting: RHB Cullen Elliott
|
0-0: Called Strike 0-1: Ball 1-1: Foul Ball, location: 2F 1-2: SINGLE (Groundball, 6MS, EV 64.4 MPH) (infield hit)
|
|
Batting: RHB Matthew Lanford
|
0-0: Ball 1-0: Ball 2-0: Ball 3-0: Called Strike 3-1: Foul Ball, location: 2F 3-2: Strikes out swinging Cullen Elliott is caught stealing 2nd base 2-4 Batter strikes out.
|
|
Batting: RHB Jordan Nicholas
|
0-0: Called Strike 0-1: Fly out, F8 (Flyball, 8LD, EV 98.8 MPH)
|
| Top of the 8th over - 0 runs, 1 hit, 0 errors, 0 left on base; University of Conneticut 1 - Florida State University 1 |
| BOTTOM OF THE 8TH |
|
Florida State University Seminoles batting - Pitching for University of Conneticut Huskies : RHP Nick Rice
|
|
Pitching: RHP Leo Cartwright
|
|
|
Batting: RHB Butch Huskey
|
0-0: Ball 1-0: Foul Ball, location: 2F 1-1: Swinging Strike 1-2: Strikes out swinging
|
|
Pinch Hitting: RHB Ed Vilches
|
0-0: Ball 1-0: Ball 2-0: Foul Ball, location: 2F 2-1: Swinging Strike 2-2: Ball 3-2: Strikes out swinging
|
|
Batting: RHB Tony Valdez
|
0-0: Called Strike 0-1: SINGLE (Groundball, 6S, EV 69.4 MPH) (infield hit)
|
|
Batting: LHB John Doiron
|
0-0: Ball 1-0: Called Strike 1-1: Foul Ball, location: 2F 1-2: 2-RUN HOME RUN (Flyball, 89XD, EV 96.9 MPH), Distance : 390 ft
|
|
Batting: SHB Jason Farr
|
0-0: Called Strike 0-1: Called Strike 0-2: Foul Ball, location: 2F 0-2: Ground out 4-3 (Groundball, 4, EV 88.8 MPH)
|
| Bottom of the 8th over - 2 runs, 2 hits, 0 errors, 0 left on base; University of Conneticut 1 - Florida State University 3 |
| TOP OF THE 9TH |
|
University of Conneticut Huskies batting - Pitching for Florida State University Seminoles : RHP Jose Muti
|
|
Now at 2B: Ed Vilches
|
|
|
Batting: RHB Kyle Finney
|
0-0: Ball 1-0: SINGLE (Line Drive, 5D, EV 108.1 MPH)
|
|
Batting: RHB Phil Hilton
|
0-0: Ball 1-0: Grounds into double play, 4-6-3 (Groundball, 4, EV 83.1 MPH)
|
|
Batting: LHB Greg James
|
0-0: Swinging Strike 0-1: Foul Ball, location: 2F 0-2: SINGLE (Groundball, 5D, EV 100.0 MPH)
|
|
Batting: LHB Jonathan Sica
|
0-0: DOUBLE (Line Drive, 7LD, EV 106.9 MPH) Greg James to third
|
|
Batting: LHB Andrew Barzee
|
0-0: Fly out, F8 (Flyball, 8LXD, EV 100.0 MPH)
|
| Top of the 9th over - 0 runs, 3 hits, 0 errors, 2 left on base; University of Conneticut 1 - Florida State University 3 |
|